 Dungeon Crawl Stone Soup version 0.29.1-13-g9f3cf754e1 (webtiles) character file.

Game seed: 16886481748377926164

0 Thatpatchoflichen the Trooper (level 1, -1/24 HPs)
             Began as an Ogre Fighter on Feb 1, 2023.
             Slain by a kobold
             ... wielding a +1 whip of venom
              (4 damage)
             ... on level 1 of the Dungeon.
             The game lasted 00:00:45 (171 turns).

Thatpatchoflichen the Trooper (Ogre Fighter)         Turns: 171, Time: 00:00:46

Health: -1/24      AC:  3    Str: 19    XL:     1   Next: 10%
Magic:  1/1        EV:  8    Int:  9    God:
Gold:   12         SH:  7    Dex:  8    Spells: 0/0 levels left

rFire   . . .      SeeInvis .   a - +0 long sword
rCold   . . .      Faith    .   c - +0 kite shield
rNeg    . . .      Spirit   .   b - +0 robe
rPois   .          Reflect  .   (helmet restricted)
rElec   .          Harm     .   (no cloak)
rCorr   .          Rampage  .   (gloves unavailable)
Will    .....                   (boots unavailable)
Stlth   +.........              (no amulet)
HPRegen 0.08/turn               (no ring)
MPRegen 0.07/turn               (no ring)

@: no status effects
A: large, unfitting armour, tough skin 1
a: no special abilities


You were on level 1 of the Dungeon.
You visited 1 branch of the dungeon, and saw 1 of its levels.

You collected 12 gold pieces.

Inventory:

Hand Weapons
 a - a +0 long sword (weapon)
Armour
 b - a +0 robe (worn)
 c - a +0 kite shield (worn)
Scrolls
 h - a scroll of immolation {unknown}
Potions
 d - a potion of might
 e - a potion of haste {unknown}
 f - a potion of curing {unknown}
 g - a potion of resistance {unknown}


   Skills:
 + Level 4.0 Fighting
 + Level 1.7 Long Blades
 + Level 2.7 Dodging
 + Level 3.0 Shields


You couldn't memorise any spells.
You didn't know any spells.
Your spell library was empty.

Dungeon Overview and Level Annotations

Branches:
Dungeon (1/15)

Altars:


Innate Abilities, Weirdness & Mutations

You are too large for most types of armour.
You have tough skin. (AC +1)


Message History

You block the bat's attack. The bat closely misses you.
The bat attacks as you move away! The bat barely misses you.
The bat hits you but does no damage. The bat barely misses you.
You hit the bat.
You kill the bat!
HP restored.
You now have 12 gold pieces.
g - an emerald potion
h - a scroll labelled LEIDIA PARAYPT
Found a stone staircase leading down.
There is a stone staircase leading down here.
A kobold comes into view. It is wielding a +1 whip of venom.
The kobold throws a stone.
You block the stone.
The kobold throws a stone.
The stone hits you but does no damage.
The kobold throws a stone.
The stone barely misses you.
The kobold hits you with a +1 whip of venom.
You are poisoned.
You feel very sick. You block the kobold's attack.
You completely miss the kobold.
You feel very sick. You block the kobold's attack.
You barely miss the kobold.
You feel sick. The kobold barely misses you.
You closely miss the kobold.
You feel sick. The kobold barely misses you.
The kobold hits you but does no damage.
You closely miss the kobold.
You feel sick. The kobold barely misses you.
You completely miss the kobold.
You feel sick. The kobold barely misses you.
The kobold hits you with a +1 whip of venom.
* * * LOW HITPOINT WARNING * * *
You hit the kobold.
The kobold is moderately wounded.
You feel sick.
You are no longer poisoned.
The kobold barely misses you.
You hit the kobold but do no damage.
The kobold is moderately wounded.
The kobold hits you with a +1 whip of venom.
You die...

......#.#.###. #.
#.# #....## ## #.
#.# ###.#.###. ####.
#.# #..#.#.#
##....## #.#
##.##.## .......#
#.# #.##.# .....#
#.######.##.#
#.K###...>.......#
#.@...........####
.......#############
#######


You could see a kobold.

Vanquished Creatures
  A bat (D:1)
1 creature vanquished.

Notes
Turn   | Place    | Note
-------+----------+-------------------------------------------
     0 | D:1      | Thatpatchoflichen the Ogre Fighter began the quest for the
                  | Orb.
     0 | D:1      | Reached XP level 1. HP: 24/24 MP: 1/1
   171 | D:1      | Slain by a kobold

Illustrated notes

Levels and vault maps discovered:
D:1:      dpeg_arrival_another_circle, layout_loops_ring,
          hellmonk_ecumenical_altar_dog_temple, grunt_decor_resistance

Action                   || total
-------------------------++-------
Melee: Long sword        ||     9
Armor: Robe              ||     3
Dodge: Dodged            ||    12
Block: Kite shield       ||     6
